 Dungeon Crawl Stone Soup version 0.31-a0-45-g5f0c076935 (webtiles) character file.

Game seed: 2271300715960308386

68119 Sobieck the Bewitcher (level 14, -7/82 HPs)
             Began as a Deep Elf Venom Mage on May 21, 2023.
             Was a High Priest of Sif Muna.
             Mangled by a centaur warrior
             ... wielding a +2 dagger of venom
              (9 damage)
             ... on level 13 of the Dungeon.
             The game lasted 01:17:50 (27328 turns).

Sobieck the Bewitcher (Deep Elf Venom Mage)        Turns: 27328, Time: 01:17:50

Health: -7/82      AC: 12    Str:  5    XL:     14   Next: 85%
Magic:  25/42      EV: 16    Int: 29    God:    Sif Muna [*****.]
Gold:   260        SH:  0    Dex: 15    Spells: 7/40 levels left

rFire   + . .        k - +5 flail of Qyumoifi {flame, rF+ Will+ Stlth+, mace}
rCold   . . .        v - orb {guile}
rNeg    . . .        a - +0 steam dragon scales
rPois   .            S - +1 helmet
rElec   .            q - +1 cloak
rCorr   .            (no gloves)
SInv    .            y - +2 pair of boots of Ceheu {Regen+}
Will    .....        Z - amulet of magic regeneration {@e2}
Stlth   ++++         K - ring of wizardry
HPRegen 1.13/turn    V - ring of Keobiq {MP+9 Int+3}
MPRegen 0.68/turn

%: wizardry (x1)
@: lethally poisoned (-7 -> -36), very slightly contaminated, slowed, very slow
A: no striking features
a: Renounce Religion, Channel Magic, Forget Spell, Divine Exegesis


You were on level 13 of the Dungeon.
You worshipped Sif Muna.
Sif Muna was extremely pleased with you.
You visited 3 branches of the dungeon, and saw 21 of its levels.
You also visited: Sewer and Bailey.

You collected 1854 gold pieces.
You spent 1594 gold pieces at shops.


   Skills:
 - Level 7.3 Fighting
 - Level 8.0 Dodging
 + Level 6.0 Stealth
 - Level 4.0 Shields
 - Level 13.5 Spellcasting
 - Level 8.0 Conjurations
 - Level 20.0 Hexes
 - Level 5.0 Translocations
 - Level 1.1 Transmutations
 - Level 3.0 Fire Magic
 - Level 3.0 Air Magic
 + Level 2.4 Earth Magic
 - Level 10.0 Poison Magic
 - Level 7.0 Invocations


You had 7 spell levels left.
You knew the following spells:

 Your Spells              Type           Power      Damage    Failure   Level
a - Olgreb's Toxic Radia  Pois           67%        N/A       1%          4
b - Ignite Poison         Fire/Tmut/Pois 46%        N/A       1%          3
c - Sting                 Tmut/Pois      100%       1d8       1%          1
d - Poisonous Vapours     Pois/Air       100%       N/A       1%          2
e - Fulminant Prism       Conj/Hex       39%        3d17      1%          4
f - Iskenderun's Mystic   Conj/Tloc      55%        2d12      1%          4
g - Discord               Hex            47%        N/A       1%          8
h - Enfeeble              Hex            47%        N/A       1%          7

Your spell library contained the following spells:

 Spells                   Type           Power      Damage    Failure   Level
 Slow                     Hex            100%       N/A       0%          1
 Confusing Touch          Hex            94%        N/A       0%          3
 Cause Fear               Hex            47%        N/A       0%          4
 Apportation              Tloc           96%        N/A       1%          1
 Freeze                   Ice            76%        1d8       1%          1
 Necrotise                Necr           76%        1d7       1%          1
 Summon Small Mammal      Summ           76%        N/A       1%          1
 Cigotuvi's Dreadful Rot  Necr/Pois/Air  88%        N/A       1%          2
 Ensorcelled Hibernation  Hex/Ice        100%       N/A       1%          2
 Hailstorm                Conj/Ice       42%        3d10      1%          3
 Mephitic Cloud           Conj/Pois/Air  57%        N/A       1%          3
 Volatile Blastmotes      Fire/Tloc      84%        2d17      1%          3
 Anguish                  Hex/Necr       33%        N/A       1%          4
 Leda's Liquefaction      Hex/Erth       35%        N/A       1%          4
 Metabolic Englaciation   Hex/Ice        33%        N/A       1%          5
 Frozen Ramparts          Ice            38%        1d6       3%          3
 Ozocubu's Armour         Ice            19%        N/A       3%          3
 Alistair's Intoxication  Tmut/Pois      34%        N/A       3%          5
 Animate Armour           Summ/Erth      52%        N/A       6%          4
 Freezing Cloud           Conj/Ice/Air   20%        6-21      6%          5
 Animate Dead             Necr           19%        N/A       11%         4
 Summon Ice Beast         Ice/Summ       19%        N/A       11%         4
 Lee's Rapid Deconstruct  Erth           17%        3d10*     11%         5
 Eringya's Noxious Bog    Tmut/Pois      25%        N/A       16%         6
 Borgnjor's Vile Clutch   Necr/Erth      13%        N/A       17%         5
 Blade Hands              Tmut           13%        N/A       19%         5
 Iron Shot                Conj/Erth      25%        9d5       19%         6
 Death Channel            Necr           9%         N/A       82%         6

Inventory:

Hand Weapons
 k - the +5 flail of Qyumoifi (weapon) {flame, rF+ Will+ Stlth+, mace}
   (You bought it in a shop on level 5 of the Dungeon)

   rF:        It protects you from fire.
   Will:      It increases your willpower.
   Stlth:     It makes you more stealthy.
Armour
 a - +0 steam dragon scales (worn)
   (You found it on level 7 of the Dungeon)
 i - a scarf of repulsion
   (You found it on level 5 of the Lair of Beasts)
 q - a +1 cloak (worn)
   (You found it on level 2 of the Dungeon)
 v - an orb of guile (worn)
   (You found it on level 9 of the Dungeon)
 y - the +2 pair of boots of Ceheu (worn) {Regen+}
   (You acquired it on level 6 of the Dungeon)

   Regen:     It increases your rate of health regeneration.
 F - the +4 buckler of Zyathruss {rPois Will++ Regen+ Str-2}
   (You found it on level 3 of the Dungeon)

   Str:       It affects your strength (-2).
   rPois:     It protects you from poison.
   Regen:     It increases your rate of health regeneration.
   Will:      It greatly increases your willpower.
 S - a +1 helmet (worn)
   (You found it on level 6 of the Dungeon)
 T - a +3 troll leather armour {Snorg}
   (You found it on level 2 of the Orcish Mines)
 Y - a +1 pair of boots of flying
   (You found it on level 4 of the Dungeon)
Magical Staves
 E - the staff of cold "Guteug" {rC+ Dex+3, !astaff}
   (You found it on level 5 of the Lair of Beasts)

   [staff of cold]

   Base accuracy: +5 Base damage: 5 Base attack delay: 1.2 This weapon's minimum
   attack delay (0.6) is reached at skill level 12.
   Dex:       It affects your dexterity (+3).
   rC:        It protects you from cold.
   It falls into the 'Staves' category.
   It is a one-handed weapon.
Jewellery
 z - a ring of protection from fire
   (You found it on level 3 of the Dungeon)
 J - a +4 ring of protection
   (You found it on level 4 of the Dungeon)
 K - a ring of wizardry (left hand)
   (You bought it in a shop on level 5 of the Dungeon)
 L - a +6 ring of strength
   (You found it on level 4 of the Dungeon)
 P - a ring of ice
   (You found it on level 12 of the Dungeon)
 V - the ring of Keobiq (right hand) {MP+9 Int+3}
   (You bought it in a shop on level 2 of the Orcish Mines)

   [ring of magical power]

   Int:       It affects your intelligence (+3).
   MP:        It affects your magic capacity (+9).
 W - a ring of see invisible
   (You bought it in a shop on level 2 of the Orcish Mines)
 Z - an amulet of magic regeneration (around neck) {@e2}
   (You found it on level 13 of the Dungeon)
Wands
 e - a wand of mindburst (6)
   (You found it on level 12 of the Dungeon)
 g - a wand of iceblast (6)
   (You found it on level 6 of the Dungeon)
 w - a wand of paralysis (12)
   (You took it off a gnoll on level 10 of the Dungeon)
 A - a wand of polymorph (29)
   (You found it on level 3 of the Dungeon)
 D - a wand of light (11)
   (You found it on level 4 of the Lair of Beasts)
Scrolls
 c - 3 scrolls of magic mapping {!r}
 d - 2 scrolls of butterflies
 f - a scroll of blinking {!r}
 h - a scroll of torment {!r}
 j - a scroll of brand weapon {unknown}
 m - a scroll of silence {!r}
 n - a scroll of fog
 o - 3 scrolls of vulnerability {!r!r}
 s - a scroll of amnesia {unknown}
 u - 2 scrolls of immolation {unknown}
 x - 7 scrolls of teleportation {@r4}
 B - 4 scrolls of poison {!r}
 U - 4 scrolls of noise {!r}
Potions
 b - 3 potions of magic
 l - a potion of mutation {!q}
 p - 7 potions of attraction {!q}
 r - 4 potions of lignification {!q}
 t - 3 potions of brilliance
 G - 2 potions of resistance
 M - a potion of invisibility
 N - a potion of ambrosia
 O - 3 potions of haste {@q3}
 Q - 7 potions of curing {@q1}
 R - 5 potions of flight
 X - a potion of berserk rage {!q}
Miscellaneous
 H - a lightning rod (4/4)
   (You found it on level 13 of the Dungeon)
 I - a condenser vane
   (You found it on level 11 of the Dungeon)

Dungeon Overview and Level Annotations

Branches:
Dungeon (14/15) Zot: 23525  Temple (0/1) D:6            Lair (5/5) D:8 Zot: 22410
  Swamp (0/4) Lair:3       Spider (0/4) Lair:3        Slime (0/5) Lair:5
    Orc (2/2) D:9 Zot: 9556     Elf (0/3) Orc:2         Sewer (visited)
 Bailey (visited)
 Vaults: D:13-14

Altars:
Cheibriados
Dithmenos
Elyvilon
Gozag
Hepliaklqana
Kikubaaqudgha
Nemelex Xobeh
Qazlal
Sif Muna
Trog
Uskayaw
Wu Jian
Xom
Jiyva

Shops:
D:1 *   D:5 (=(*   D:11 *   D:12 [   Orc:2 ?*!=

Annotations:
D:9 3 runed translucent doors, Nabski's ghost, novice TeFE
D:10 exclusion: downstairs
D:13 Urug
D:14 1 transporter

# .... #.# #
#........######.#
#
#......).)......#
#
#...)...[..)....#
#
#...).).........#
#
#..)..((.########
# #....^...# #
#........# #
#@.......# #
#c.......# #
#........# #
#...# #........#
# #...#
#........# #
#...# #........#
# #...#
#........# #
#...# #........#
# #...#
#......(.#


You could see a neutral centaur warrior (fast, strong, insane).


Message History

A kobold comes into view. It is wielding a +0 sling.
Casting: Discord (dangerous; 1% risk of failure)
Confirm with . or Enter, or press ? or * to list all spells.
Casting: Discord (dangerous; 1% risk of failure)
Press: ? - help, Dir - look around, f - activate The kobold flies into a frenzy!
The centaur warrior flies into a frenzy!
The centaur flies into a frenzy! x2
The centaur shouts!
The centaur warrior barely misses the kobold.
The centaur warrior kicks the kobold but does no damage.
The centaur unwields a +0 shortbow.
The centaur barely misses the kobold. x2
The centaur warrior hits the centaur with a +2 dagger of venom!!
The centaur dies!
Sif Muna accepts your kill.
The kobold unwields a +0 sling.
The kobold wields a +0 short sword.
The kobold hits the centaur warrior with a +0 short sword.
The centaur barely misses the kobold.
The centaur completely misses the kobold.
The centaur warrior hits the kobold with a +2 dagger of venom!!
The kobold dies!
Sif Muna accepts your kill.
Unknown command.
The centaur warrior hits the centaur with a +2 dagger of venom.
The centaur is poisoned.
The centaur warrior kicks the centaur but does no damage.
The centaur closely misses the centaur warrior.
The centaur kicks the centaur warrior.
The centaur warrior hits the centaur with a +2 dagger of venom!
The centaur looks as sick as possible!
The centaur warrior kicks the centaur.
The centaur dies!
Sif Muna accepts your kill.
Unknown command.
Casting: Discord (dangerous; 1% risk of failure)
Confirm with . or Enter, or press ? or * to list all spells.
Okay, then.
Casting: Discord (dangerous; 1% risk of failure)
Confirm with . or Enter, or press ? or * to list all spells.
You begin to radiate toxic energy.
The centaur warrior is poisoned.
The centaur warrior shouts!
The centaur warrior hits you with a +2 dagger of venom.
You are poisoned.
The centaur warrior kicks you but does no damage.
Casting: Olgreb's Toxic Radiance (safe; 1% risk of failure)
Confirm with . or Enter, or press ? or * to list all spells.
You ignite the poison in your surroundings!
The centaur warrior seems to burn from within!!
The centaur warrior is poisoned.
Your toxic aura wanes.
You feel very sick.
The centaur warrior hits you with a +2 dagger of venom!
You are more poisoned.
The centaur warrior kicks you but does no damage.
The centaur warrior hits you with a +2 dagger of venom.
The centaur warrior kicks you. The centaur warrior barely misses you.
The centaur warrior completely misses you.
The centaur warrior hits you but does no damage.
You are more poisoned.
The centaur warrior kicks you but does no damage.
Casting: Ignite Poison (safe; 1% risk of failure)
Confirm with . or Enter, or press ? or * to list all spells.
You ignite the poison in your surroundings!
The centaur warrior seems to burn from within!!
You feel extremely sick.
The centaur warrior hits you with a +2 dagger of venom!
The centaur warrior kicks you but does no damage.
The centaur warrior hits you with a +2 dagger of venom!!
* * * LOW HITPOINT WARNING * * *
You are lethally poisoned!
The centaur warrior kicks you but does no damage.
The centaur warrior hits you with a +2 dagger of venom.
* * * LOW HITPOINT WARNING * * *
You are more poisoned.
The centaur warrior barely misses you.
Unknown command.
Really read
f - 2 scrolls of blinking {!r}?
Blink to where?
Press: ? - help, Dir - move target
As you read the scroll of blinking {!r}, it crumbles to dust.
* * * LOW HITPOINT WARNING * * *
You feel extremely sick. The centaur warrior barely misses you.
The centaur warrior kicks you.
* * * LOW HITPOINT WARNING * * *
Unknown command.
Okay, then.
Unknown command.
Really read
f - a scroll of blinking {!r}?
Blink to where?
Press: ? - help, Dir - move target, f - you
Okay, then.
Unknown command.
You feel much better.
* * * LOW HITPOINT WARNING * * *
You feel extremely sick.
The centaur warrior hits you with a +2 dagger of venom!
* * * LOW HITPOINT WARNING * * *
You are more poisoned.
The centaur warrior completely misses you.
The centaur warrior hits you with a +2 dagger of venom!
You die...

Skill      XL: |  1  2  3  4  5  6  7  8  9 10 11 12 13 14 |
---------------+-------------------------------------------+-----
Poison Magic   | 4 5 7 8 10 | 10.0
Fire Magic     | 1 3 |  3.0
Air Magic      | 1 3 |  3.0
Shields        | 1 2 4 |  4.0
Spellcasting   | 6 10 11 13 | 13.5
Invocations    | 6 7 |  7.0
Fighting       | 5 6 7 |  7.3
Stealth        | 6 |  6.0
Dodging        | 4 6 7 8 |  8.0
Hexes          | 9 10 16 20 | 20.0
Conjurations   | 2 8 |  8.0
Translocations | 5 |  5.0
Earth Magic    | 2 |  2.4
Transmutations | |  1.1

Action                     |  1- 3 |  4- 6 |  7- 9 | 10-12 | 13-15 || total
---------------------------+-------+-------+-------+-------+-------++-------
  Melee: Dagger            |       |       |    61 |       |       ||    61
         Flail             |       |       |     6 |   164 |    47 ||   217
  Throw: Stone             |       |       |       |     8 |       ||     8
   Cast: Sting             |    59 |    75 |    40 |       |       ||   174
         Poisonous Vapours |     4 |    17 |     7 |     1 |       ||    29
         Olgreb's Toxic Ra |       |     1 |    25 |    77 |    88 ||   191
         Ignite Poison     |       |     1 |    29 |   101 |   110 ||   241
         Fulminant Prism   |       |       |       |     7 |    61 ||    68
         Iskenderun's Myst |       |       |       |     1 |    43 ||    44
         Discord           |       |       |       |       |    17 ||    17
         Enfeeble          |       |       |       |       |     5 ||     5
  Evoke: Wand              |       |       |     4 |       |       ||     4
    Use: Scroll            |     1 |    10 |     9 |     5 |     5 ||    30
         Potion            |       |     1 |       |     2 |     1 ||     4
   Stab: Sleeping          |       |       |       |       |     2 ||     2
 Armour: Robe              |     8 |     6 |    19 |       |       ||    33
         Steam dragon scal |       |       |     9 |    45 |    52 ||   106
         Troll leather arm |       |       |       |     2 |       ||     2
  Dodge: Dodged            |    32 |    15 |    59 |   129 |   137 ||   372
  Block: Buckler           |       |     2 |    37 |    91 |    43 ||   173

Levels and vault maps discovered:
D:1:      scummos_arrival_hexagon, layout_basic, serial_shops,
          nicolae_shop_advertising_works [nicolae_subvault_shop_adworks],
          minmay_quantized
D:2:      layout_loops_ring, ebering_ecumenical_altar_rust,
          hangedman_decor_clover_reticule, kennysheep_generic_room_4,
          uniq_terence
D:3:      layout_loops_corners, uniq_sigmund
D:4:      cheibrodos_old_hovel, layout_layer_cave, mainiacjoe_overflow_alcove_4,
          mainiacjoe_overflow_six_doors_small, nicolae_zen_rock_garden
D:5:      layout_loops_ring, nicolae_wooded_promenade, grunt_decor_fettered,
          nicolae_shop_sticking_my_neck_out
D:6:      layout_cave_pods, worldfamousw_hep_ancestral_shrine,
          mainiacjoe_overflow_catwalk, minmay_temple_entry_glassed_door,
          lightli_sewer_entry_pipes, uniq_menkaure
D:7:      layout_loops_ring, grunt_temple_overflow_octagram,
          kiku_gazebo_garden_becter, enter_bailey_3
D:8:      layout_layer_cave, david_lair_generic
D:9:      layout_loops_cross, david_orc_2, gammafunk_ghost_nasty_kobolds,
          kennysheep_cluttered_room, uniq_amaemon
D:10:     layout_small_grid
D:11:     layout_irregular_city, serial_shops, shop, uniq_grum, uniq_harold
D:12:     layout_grid_maze, serial_shops, nicolae_shop_mannequins
D:13:     layout_long_grid, uniq_urug
D:14:     layout_roguey, david_vaults_4, chequers_serial_rivers_micro_b,
          gammafunk_ghost_abyssal_escape
Lair:1:   layout_roguey, gauntlet_entry_generic, infiniplex_staircase_pool
Lair:2:   layout_chaotic_city, serial_bayou_shore_a, serial_bayou_shore_b
Lair:3:   lemuel_slime, layout_long_grid, nicolae_swamp_entry_splash_gauntlet,
          hellmonk_spider_entry_life_and_decay, lemuel_centaur_altar,
          infiniplex_staircase_pool_2, serial_bayou_shore_b
Lair:4:   layout_regular_city, nicolae_lair_time_for_slime
Lair:5:   grunt_lair_end_beastmaster, layout_regular_city,
          minmay_slime_entry_pillars, chequers_serial_rivers_small_b,
          lemuel_fruit_tree
Orc:1:    layout_caves, basic_altar
Orc:2:    grunt_orc_tribal_feast, layout_caves, uniq_rupert, uniq_snorg,
          uniq_erolcha

Notes
Turn   | Place    | Note
-------+----------+-------------------------------------------
     0 | D:1      | Sobieck the Deep Elf Venom Mage began the quest for the
                  | Orb.
     0 | D:1      | Reached XP level 1. HP: 10/10 MP: 6/6
   140 | D:1      | Found Kexit's General Store.
   209 | D:1      | Reached XP level 2. HP: 15/15 MP: 5/8
   212 | D:1      | Reached skill level 4 in Poison Magic
   982 | D:1      | Reached XP level 3. HP: 19/19 MP: 7/9
   985 | D:1      | Learned a level 2 spell: Poisonous Vapours
  1130 | D:2      | Noticed Terence
  1162 | D:1      | Bought a scroll of identify for 20 gold pieces
  1193 | D:2      | You add the spells Cigotuvi's Dreadful Rot, Ignite Poison
                  | and Freezing Cloud to your library.
  1436 | D:2      | Reached skill level 5 in Poison Magic
  1588 | D:2      | Killed Terence
  1589 | D:2      | Reached XP level 4. HP: 22/24 MP: 3/10
  1858 | D:2      | Identified the +1 leather armour of Byamekaa {Dex-2 Slay+2
                  | Stlth+}
  1886 | D:2      | Found a faded altar of an unknown god.
  2334 | D:3      | Noticed Sigmund
  2579 | D:3      | Reached skill level 6 in Poison Magic
  2662 | D:3      | Learned a level 4 spell: Olgreb's Toxic Radiance
  3104 | D:3      | Killed Sigmund
  3105 | D:3      | Reached skill level 7 in Poison Magic
  3105 | D:3      | Reached XP level 5. HP: 28/28 MP: 2/11
  3105 | D:3      | Reached XP level 6. HP: 32/32 MP: 2/12
  3109 | D:3      | Learned a level 3 spell: Ignite Poison
  3298 | D:3      | Identified the +4 buckler of Zyathruss {rPois Will++ Regen+
                  | Str-2}
  3396 | D:4      | Found a shimmering blue altar of Sif Muna.
  3983 | D:4      | Reached skill level 1 in Fire Magic
  3983 | D:4      | Reached skill level 1 in Air Magic
  4029 | D:4      | Found a snail-covered altar of Cheibriados.
  4217 | D:4      | Reached skill level 1 in Shields
  4988 | D:5      | Entered Level 5 of the Dungeon
  5296 | D:5      | HP: 8/32 [iguana (11)]
  5299 | D:5      | Reached XP level 7. HP: 9/36 MP: 8/13
  5489 | D:5      | Found Owneck's General Store.
  5489 | D:5      | Found Qaloloel's Weapon Shoppe.
  5510 | D:5      | Reached skill level 2 in Fire Magic
  5510 | D:5      | Reached skill level 2 in Air Magic
  5510 | D:5      | Reached skill level 8 in Poison Magic
  5837 | D:5      | You pick up a book of Frost and begin reading...
  5837 | D:5      | You add the spells Freeze, Frozen Ramparts and Hailstorm to
                  | your library.
  5846 | D:5      | Found Doroerui's Neck Hole.
  5906 | D:5      | Reached skill level 2 in Shields
  6080 | D:5      | Reached skill level 3 in Fire Magic
  6123 | D:5      | Found Timis's Jewellery Boutique.
  6123 | D:5      | Found Vumyezou's Antique Weapon Shoppe.
  6129 | D:5      | Reached skill level 3 in Air Magic
  6418 | D:5      | Reached XP level 8. HP: 41/41 MP: 9/14
  6598 | D:5      | You pick up a book of Cantrips and begin reading...
  6598 | D:5      | You add the spells Necrotise, Summon Small Mammal and
                  | Apportation to your library.
  6717 | D:6      | Found a stormy altar of Qazlal.
  6725 | D:6      | Identified a scroll of acquirement
  6725 | D:6      | Acquired the +2 pair of boots of Ceheu {Regen+}
  6816 | D:4      | Became a worshipper of Sif Muna the Loreminder
  6912 | D:6      | Noticed Menkaure
  7030 | D:6      | Reached skill level 3 in Shields
  7153 | D:6      | Found a glowing drain.
  7160 | Sewer    | Entered a sewer
  7165 | Sewer    | Reached skill level 9 in Poison Magic
  7306 | Sewer    | Found a white marble altar of Elyvilon.
  7566 | D:6      | Reached * piety under Sif Muna
  7764 | D:6      | Reached skill level 4 in Shields
  7920 | D:6      | Reached skill level 10 in Poison Magic
  8044 | D:6      | Reached skill level 4 in Spellcasting
  8088 | D:6      | Found a hazy altar of Hepliaklqana.
  8137 | D:6      | Killed Menkaure
  8138 | D:6      | Reached skill level 5 in Spellcasting
  8150 | D:6      | Found a staircase to the Ecumenical Temple.
  8770 | D:7      | Reached skill level 6 in Spellcasting
  8770 | D:7      | Reached XP level 9. HP: 45/45 MP: 11/20
  8864 | D:7      | Reached skill level 7 in Spellcasting
  8888 | D:7      | Found a flagged portal.
  8995 | Bailey   | Entered a bailey
  9121 | D:7      | Reached skill level 1 in Invocations
  9203 | D:7      | Found an ancient bone altar of Kikubaaqudgha.
  9315 | D:7      | Reached skill level 8 in Spellcasting
  9315 | D:7      | Reached skill level 2 in Invocations
  9582 | D:7      | Found a bloodstained altar of Trog.
  9593 | D:7      | You pick up a book of Iron and begin reading...
  9593 | D:7      | You add the spells Animate Armour, Blade Hands and Iron
                  | Shot to your library.
  9600 | D:7      | Found an opulent altar of Gozag.
  9606 | D:7      | Found a shimmering altar of Xom.
  9613 | D:7      | Found a white marble altar of Elyvilon.
  9619 | D:7      | Found an ornate altar of the Wu Jian Council.
  9630 | D:7      | Found a shadowy altar of Dithmenos.
  9641 | D:7      | Found a hide-covered altar of Uskayaw.
  9746 | D:8      | Reached skill level 3 in Invocations
  9747 | D:8      | Reached skill level 9 in Spellcasting
  9747 | D:8      | Reached skill level 4 in Invocations
  9900 | D:5      | Bought a dazzling flail for 229 gold pieces
  9900 | D:5      | Identified the +5 flail of Qyumoifi {flame, rF+ Will+
                  | Stlth+} (You bought it in a shop on level 5 of the Dungeon)
 10086 | D:8      | Reached skill level 5 in Invocations
 10224 | D:8      | Noticed an elephant
 10226 | D:8      | Reached skill level 10 in Spellcasting
 10229 | D:8      | Reached skill level 6 in Invocations
 10233 | D:8      | Killed an elephant
 10234 | D:8      | Reached XP level 10. HP: 46/50 MP: 2/26
 10354 | D:8      | Found a staircase to the Lair.
 10395 | D:7      | Reached skill level 7 in Invocations
 10767 | D:8      | Reached skill level 1 in Fighting
 10767 | D:8      | Reached skill level 3 in Stealth
 11072 | D:9      | Noticed Amaemon
 11072 | D:9      | Noticed an orange demon
 11076 | D:9      | Killed Amaemon
 11077 | D:9      | Reached skill level 2 in Fighting
 11077 | D:9      | Reached skill level 4 in Stealth
 11077 | D:9      | Killed an orange demon
 11078 | D:9      | Reached skill level 5 in Stealth
 11273 | D:8      | HP: 9/43 [wight/+3 great sword (4)]
 11276 | D:8      | Reached skill level 3 in Fighting
 11363 | D:8      | Reached ** piety under Sif Muna
 11500 | D:9      | Reached skill level 4 in Fighting
 11544 | D:9      | Found a staircase to the Orcish Mines.
 11621 | D:9      | Reached skill level 5 in Fighting
 11624 | D:9      | Reached skill level 3 in Dodging
 11662 | D:9      | Noticed a two-headed ogre
 11695 | D:9      | Killed a two-headed ogre
 11696 | D:9      | Reached skill level 4 in Dodging
 11696 | D:9      | Reached skill level 6 in Stealth
 11696 | D:9      | Reached XP level 11. HP: 34/64 MP: 0/27
 11914 | D:9      | Found a runed translucent gate.
 11917 | D:9      | Noticed Nabski's ghost (novice TeFE)
 11919 | D:9      | Found a runed translucent gate.
 11919 | D:9      | Found a runed translucent gate.
 12275 | D:10     | Entered Level 10 of the Dungeon
 12513 | D:10     | Reached skill level 5 in Dodging
 12513 | D:10     | Reached *** piety under Sif Muna
 12514 | D:10     | Reached skill level 11 in Spellcasting
 12642 | D:10     | Reached skill level 6 in Fighting
 12732 | D:10     | You pick up a book of Unlife and begin reading...
 12732 | D:10     | You add the spells Animate Dead, Borgnjor's Vile Clutch and
                  | Death Channel to your library.
 13374 | D:11     | Noticed Harold
 13374 | D:11     | Found Ystul's General Store.
 13499 | D:11     | Bought 2 potions of heal wounds for 130 gold pieces
 13512 | D:11     | Noticed Grum
 13517 | D:11     | Killed Grum
 13518 | D:11     | Reached skill level 6 in Dodging
 13666 | D:11     | You pick up a book of Blasting and begin reading...
 13666 | D:11     | You add the spells Volatile Blastmotes, Fulminant Prism,
                  | Iskenderun's Mystic Blast and Lee's Rapid Deconstruction to
                  | your library.
 13672 | D:11     | Learned a level 4 spell: Fulminant Prism
 13681 | D:11     | Reached skill level 1 in Hexes
 13713 | D:11     | You fall into a shaft and drop 3 floors!
 13740 | D:13     | Reached skill level 3 in Hexes
 13813 | D:13     | Reached skill level 4 in Hexes
 13815 | D:13     | Noticed Urug
 13887 | D:13     | Reached skill level 5 in Hexes
 13919 | D:14     | Found a transporter.
 13921 | D:14     | Noticed a rakshasa
 13930 | D:13     | Noticed a centaur warrior
 13930 | D:13     | Noticed a boulder beetle
 13961 | D:12     | Found Uluyjaq's Armour Emporium.
 13961 | D:12     | Noticed an animated plate armour
 13961 | D:12     | Identified a +0 crystal plate armour
 13961 | D:12     | Noticed an animated crystal plate armour
 14075 | D:11     | Killed Harold
 14076 | D:11     | Reached skill level 6 in Hexes
 14252 | D:11     | Reached skill level 7 in Hexes
 14266 | D:11     | Noticed a two-headed ogre
 14290 | D:11     | Killed a two-headed ogre
 14290 | D:11     | Reached **** piety under Sif Muna
 14291 | D:11     | Reached skill level 8 in Hexes
 14420 | D:11     | Reached skill level 9 in Hexes
 14730 | D:11     | Reached skill level 1 in Conjurations
 15010 | Orc:1    | Entered Level 1 of the Orcish Mines
 15015 | Orc:1    | Reached skill level 2 in Conjurations
 15015 | Orc:1    | Reached XP level 12. HP: 70/70 MP: 15/29
 15244 | Orc:1    | Noticed an ettin
 15251 | Orc:1    | Killed an ettin
 15252 | Orc:1    | Reached skill level 3 in Conjurations
 15252 | Orc:1    | Reached skill level 10 in Hexes
 15317 | Orc:1    | Learned a level 4 spell: Iskenderun's Mystic Blast
 15344 | Orc:1    | Reached skill level 4 in Conjurations
 15345 | Orc:1    | Reached skill level 1 in Translocations
 15440 | Orc:1    | Reached skill level 2 in Translocations
 15669 | Orc:2    | Entered Level 2 of the Orcish Mines
 15701 | Orc:2    | Reached skill level 5 in Conjurations
 15701 | Orc:2    | Reached skill level 3 in Translocations
 15891 | Orc:2    | Reached skill level 4 in Translocations
 16007 | Orc:2    | Noticed Erolcha
 16014 | Orc:2    | Killed Erolcha
 16015 | Orc:2    | Reached skill level 5 in Translocations
 16140 | Orc:2    | Reached skill level 12 in Spellcasting
 16263 | Orc:2    | Found a staircase to the Elven Halls.
 16296 | Orc:2    | Noticed Snorg
 16302 | Orc:2    | Killed Snorg
 16420 | Orc:2    | Reached ***** piety under Sif Muna
 16828 | Orc:2    | Noticed Rupert
 16853 | Orc:2    | Killed Rupert
 16854 | Orc:2    | Reached skill level 13 in Spellcasting
 16854 | Orc:2    | Reached skill level 6 in Conjurations
 17102 | Orc:2    | Noticed an orc high priest
 17108 | Orc:2    | Killed an orc high priest
 17109 | Orc:2    | Reached skill level 7 in Conjurations
 17115 | Orc:2    | Noticed an orc high priest
 17122 | Orc:2    | Killed an orc high priest
 17123 | Orc:2    | Reached skill level 8 in Conjurations
 17241 | Orc:2    | Noticed an orc high priest
 17244 | Orc:2    | Killed an orc high priest
 17306 | Orc:2    | Reached skill level 7 in Dodging
 17306 | Orc:2    | Reached XP level 13. HP: 53/76 MP: 1/32
 17458 | Orc:2    | Found Givam's Jewellery Shoppe.
 17458 | Orc:2    | Found Xidar's Distillery.
 17460 | Orc:2    | Found Gyaga's General Store.
 17460 | Orc:2    | Found Yhyhi's Magic Scroll Shop.
 17469 | Orc:2    | Bought a scroll of noise for 12 gold pieces
 17473 | Orc:2    | Bought a potion of degeneration for 11 gold pieces
 17478 | Orc:2    | Bought the ring of Keobiq {MP+9 Int+3} for 532 gold pieces
 17478 | Orc:2    | Bought a ring of see invisible for 240 gold pieces
 17634 | Lair:1   | Entered Level 1 of the Lair of Beasts
 17637 | Lair:1   | Received a gift from Sif Muna
 17641 | Lair:1   | Reached skill level 1 in Earth Magic
 17702 | Lair:1   | Reached skill level 2 in Earth Magic
 17704 | Lair:1   | You pick up a book of Fixed Theme and begin reading...
 17704 | Lair:1   | You add the spells Slow, Confusing Touch, Leda's
                  | Liquefaction and Discord to your library.
 18162 | Lair:1   | Reached skill level 11 in Hexes
 18687 | Lair:2   | Reached skill level 12 in Hexes
 19261 | Lair:2   | Reached skill level 13 in Hexes
 19272 | Lair:2   | Reached skill level 14 in Hexes
 20199 | Lair:3   | Reached skill level 15 in Hexes
 20389 | Lair:3   | Found a sparkling altar of Nemelex Xobeh.
 20540 | Lair:3   | Received a gift from Sif Muna
 20541 | Lair:3   | You add the spells Ensorcelled Hibernation, Ozocubu's
                  | Armour, Summon Ice Beast, Metabolic Englaciation,
                  | Alistair's Intoxication and Eringya's Noxious Bog to your
                  | library.
 20541 | Lair:3   | Got Sif Muna's Thoughts on Freezing and the Scorpion {god
                  | gift}
 20896 | Lair:3   | Found a hole to the Spider Nest.
 21069 | D:5      | Bought a ring of wizardry for 420 gold pieces
 21634 | Lair:3   | Found a staircase to the Swamp.
 21646 | Lair:3   | Reached skill level 16 in Hexes
 21884 | Lair:4   | Learned a level 8 spell: Discord
 21933 | Lair:4   | Noticed an azure jelly
 22681 | Lair:4   | Killed an azure jelly
 22682 | Lair:4   | Reached XP level 14. HP: 79/80 MP: 18/33
 23039 | Lair:5   | Entered Level 5 of the Lair of Beasts
 23060 | Lair:5   | Reached skill level 17 in Hexes
 23430 | Lair:5   | Reached skill level 18 in Hexes
 24254 | Lair:5   | Reached skill level 19 in Hexes
 24719 | Lair:5   | Identified the staff of cold "Guteug" {rC+ Dex+3}
 24723 | Lair:5   | You pick up a book of Hexes and begin reading...
 24723 | Lair:5   | You add the spells Anguish, Cause Fear and Enfeeble to your
                  | library.
 24745 | Lair:5   | Learned a level 7 spell: Enfeeble
 25022 | Lair:5   | Found a staircase to the Slime Pits.
 25023 | Lair:5   | Found a viscous altar of Jiyva.
 25630 | D:12     | Reached skill level 20 in Hexes
 26044 | D:11     | Reached skill level 7 in Fighting
 27274 | D:13     | Reached skill level 8 in Dodging
 27327 | D:13     | HP: 4/82 [poisoned by a centaur warrior]
 27328 | D:13     | Mangled by a centaur warrior

Vanquished Creatures
  Rupert (Orc:2)
  An azure jelly (Lair:4)
  A dire elephant (Lair:5)
  An ettin (Orc:1)
  Snorg (Orc:2)
  Harold (D:11)
  Erolcha (Orc:2)
  A hydra (Lair:4)
  3 two-headed ogres
  2 boulder beetles
  A tengu warrior (D:13)
  A deep troll shaman (Lair:5)
  10 death yaks
  3 orc high priests (Orc:2)
  2 skysharks
  Amaemon (D:9)
  3 bog bodies (Lair:3)
  A lindwurm (Lair:5)
  3 orc sorcerers (Orc:2)
  6 orc knights
  2 manticores
  3 cyclopes
  4 black mambas
  11 elephants
  A gargoyle (D:13)
  4 cane toads
  An orange demon (D:9)
  A torpor snail (Lair:5)
  4 rime drakes
  2 kobold demonologists
  9 komodo dragons
  An unseen horror (D:12)
  5 trolls
  4 polar bears
  3 meliai (D:13)
  A hornet (shapeshifter) (D:13)
  6 blink frogs
  Sigmund (D:3)
  6 slime creatures
  3 wraiths
  34 yaks
  2 wyverns
  3 basilisks
  3 culicivoras (Lair:3)
  Grum (D:11)
  4 steam dragons
  5 vampire mosquitoes
  Menkaure (D:6)
  2 wargs (Orc:1)
  A swamp worm (Lair:3)
  16 water moccasins
  A black bear (D:5)
  A sky beast (D:8)
  2 ice beasts
  An ogre (D:7)
  21 orc warriors
  6 centaurs
  29 wolves
  9 kobold brigands
  10 bullfrogs
  2 gnoll sergeants
  3 scorpions
  14 wights
  6 killer bees (D:11)
  A howler monkey (D:8)
  4 electric eels
  15 jellies
  4 hounds
  21 orc priests
  2 sleepcaps (D:5)
  Terence (D:2)
  4 iguanas
  21 orc wizards
  9 adders
  7 gnolls
  4 river rats
  2 white imps
  A worm (D:6)
  2 dart slugs
  67 orcs
  13 endoplasms
  4 giant cockroaches (D:1)
  9 goblins
  6 hobgoblins
  4 jackals (Sewer)
  4 quokkas
  9 ball pythons
  5 bats (D:1)
  3 frilled lizards
  19 kobolds
  9 rats
543 creatures vanquished.

Vanquished Creatures (collateral kills)
  A catoblepas (Lair:5)
  A boulder beetle (D:13)
  A two-headed ogre (D:12)
  A death yak (Lair:5)
  2 elephants (Lair:5)
  7 slime creatures
  A wraith (D:13)
  3 yaks (Lair:5)
  2 vampire mosquitoes (D:12)
  2 black bears (Lair:5)
  3 wolves (Lair:5)
  2 centaurs (D:13)
  A howler monkey (D:12)
  4 gnolls (D:12)
  A kobold (D:13)
  2 fulminant prisms (Lair:5)
34 creatures vanquished.

Vanquished Creatures (others)
  2 death yaks (Lair:5)
  A troll (D:13)
  2 slime creatures
  2 wolves (Lair:5)
  66 fulminant prisms
73 creatures vanquished.

Grand Total: 650 creatures vanquished

Table legend:
 A = Non-vault XP
 B = Vault XP
 C = Vault XP percentage of total XP
 D = Non-vault monster count
 E = Vault monster count
 F = Vault count percentage of total count
                 A         B        C        D         E       F
            +---------+---------+-------+---------+---------+-------
      Total |   67545 |   29769 |  30.6 |     428 |     150 |  26.0
            +---------+---------+-------+---------+---------+-------
        D:1 |      35 |       7 |  16.7 |      21 |       6 |  22.2
        D:2 |      32 |      38 |  54.3 |       5 |       2 |  28.6
        D:3 |      69 |     239 |  77.6 |      16 |       1 |   5.9
        D:4 |     230 |       3 |   1.3 |      14 |       1 |   6.7
        D:5 |     850 |       0 |   0.0 |      18 |       0 |   0.0
        D:6 |     548 |     244 |  30.8 |      13 |       8 |  38.1
        D:7 |    1506 |       8 |   0.5 |      18 |       4 |  18.2
        D:8 |    1541 |    1044 |  40.4 |      18 |       4 |  18.2
        D:9 |    3599 |    1160 |  24.4 |      23 |       9 |  28.1
       D:10 |    3195 |       0 |   0.0 |      25 |       0 |   0.0
       D:11 |    3715 |    1427 |  27.8 |      18 |       5 |  21.7
       D:12 |    5058 |       0 |   0.0 |      21 |       0 |   0.0
       D:13 |    5971 |       0 |   0.0 |      24 |       0 |   0.0
     Lair:1 |    4512 |       0 |   0.0 |      19 |       0 |   0.0
     Lair:2 |    9108 |       0 |   0.0 |      26 |       0 |   0.0
     Lair:3 |    4589 |    3879 |  45.8 |      22 |      30 |  57.7
     Lair:4 |    2886 |    2463 |  46.0 |      10 |      10 |  50.0
     Lair:5 |   13907 |    7935 |  36.3 |      44 |      21 |  32.3
      Orc:1 |    4121 |       0 |   0.0 |      40 |       0 |   0.0
      Orc:2 |    2073 |   11075 |  84.2 |      33 |      33 |  50.0
      Sewer |       0 |     247 | 100.0 |       0 |      16 | 100.0
            +---------+---------+-------+---------+---------+-------

Skill      XL: |  1  2  3  4  5  6  7  8  9 10 11 12 13 14 |
---------------+-------------------------------------------+-----
Poison Magic   | 4 5 7 8 10 | 10.0
Fire Magic     | 1 3 |  3.0
Air Magic      | 1 3 |  3.0
Shields        | 1 2 4 |  4.0
Spellcasting   | 6 10 11 13 | 13.5
Invocations    | 6 7 |  7.0
Fighting       | 5 6 7 |  7.3
Stealth        | 6 |  6.0
Dodging        | 4 6 7 8 |  8.0
Hexes          | 9 10 16 20 | 20.0
Conjurations   | 2 8 |  8.0
Translocations | 5 |  5.0
Earth Magic    | 2 |  2.4
Transmutations | |  1.1

Action                     |  1- 3 |  4- 6 |  7- 9 | 10-12 | 13-15 || total
---------------------------+-------+-------+-------+-------+-------++-------
  Melee: Dagger            |       |       |    61 |       |       ||    61
         Flail             |       |       |     6 |   164 |    47 ||   217
  Throw: Stone             |       |       |       |     8 |       ||     8
   Cast: Sting             |    59 |    75 |    40 |       |       ||   174
         Poisonous Vapours |     4 |    17 |     7 |     1 |       ||    29
         Olgreb's Toxic Ra |       |     1 |    25 |    77 |    88 ||   191
         Ignite Poison     |       |     1 |    29 |   101 |   110 ||   241
         Fulminant Prism   |       |       |       |     7 |    61 ||    68
         Iskenderun's Myst |       |       |       |     1 |    43 ||    44
         Discord           |       |       |       |       |    17 ||    17
         Enfeeble          |       |       |       |       |     5 ||     5
  Evoke: Wand              |       |       |     4 |       |       ||     4
    Use: Scroll            |     1 |    10 |     9 |     5 |     5 ||    30
         Potion            |       |     1 |       |     2 |     1 ||     4
   Stab: Sleeping          |       |       |       |       |     2 ||     2
 Armour: Robe              |     8 |     6 |    19 |       |       ||    33
         Steam dragon scal |       |       |     9 |    45 |    52 ||   106
         Troll leather arm |       |       |       |     2 |       ||     2
  Dodge: Dodged            |    32 |    15 |    59 |   129 |   137 ||   372
  Block: Buckler           |       |     2 |    37 |    91 |    43 ||   173

Illustrated notes

Table legend:
 A = Kills in this place as a percentage of kills in the entire game.
 B = Kills by you in this place as a percentage of kills by you in the entire game.
 C = Kills by friends in this place as a percentage of kills by friends in the entire game.
 D = Other kills in this place as a percentage of other kills in the entire game.
 E = Experience gained in this place as a percentage of experience gained in the entire game.
 F = Experience gained in this place divided by the number of levels of this place that you have seen.
                   A       B       C       D       E      F
               +-------+-------+-------+-------+-------+----------------------
         Total | 100.0 | 100.0 | 100.0 | 100.0 | 100.0 | 4231.0
       Dungeon |  47.4 |  46.8 |  59.4 |  33.3 |  31.4 | 2179.9
          Lair |  31.5 |  30.8 |  40.6 |  66.7 |  50.6 | 9855.8
  Orcish Mines |  18.3 |  19.5 |   0.0 |   0.0 |  17.7 | 8634.5
         Sewer |   2.8 |   2.9 |   0.0 |   0.0 |   0.3 | 247.0
               +-------+-------+-------+-------+-------+----------------------

Table legend: (Time is in decaauts)
 A = Elapsed time spent in this place.
 B = Non-inter-level travel time spent in this place.
 C = Inter-level travel time spent in this place.
 D = Time resting spent in this place.
 E = Time spent auto-exploring this place.
 F = Levels seen in this place.
 G = Mean time per level.
                   A        B        C        D        E       F      G
               +--------+--------+--------+--------+--------+-----+--------+
         Total |  27628 |  25777 |   1851 |   5521 |  15130 |  23 | 1201.2 |
       Dungeon |  17207 |  15770 |   1437 |   3034 |   9888 |  14 | 1229.1 |
          Lair |   7589 |   7214 |    375 |   1622 |   4123 |   5 | 1517.8 |
  Orcish Mines |   2443 |   2405 |     38 |    807 |    988 |   2 | 1221.5 |
         Sewer |    380 |    380 |      0 |     58 |    131 |   1 |  380.0 |
        Bailey |      7 |      7 |      0 |      0 |      0 |   1 |    7.0 |
               +--------+--------+--------+--------+--------+-----+--------+

Top non-repeatable levels by time:
  Lair:5: 2021 daAuts
     D:4: 1948 daAuts
     D:5: 1725 daAuts
  Lair:3: 1653 daAuts
     D:6: 1564 daAuts
  Lair:4: 1545 daAuts
     D:9: 1404 daAuts
   Orc:2: 1396 daAuts
  Lair:2: 1394 daAuts
    D:11: 1378 daAuts
    D:12: 1333 daAuts
     D:7: 1318 daAuts
     D:8: 1310 daAuts
    D:10: 1212 daAuts
     D:1: 1182 daAuts
